 Dungeon Crawl Stone Soup version 0.30-a0-1075-gcd70e7a56d (webtiles) character file.

Game seed: 1303104653852819890

9790 cforsyth the Summoner (level 11, -6/61 HPs)
             Began as an Octopode Summoner on Apr 15, 2023.
             Was an Initiate of Gozag.
             Mangled by an orc warlord
             ... wielding a +5 broad axe
              (31 damage)
             ... in a bailey.
             The game lasted 00:34:40 (12872 turns).

cforsyth the Summoner (Octopode Summoner)          Turns: 12872, Time: 00:34:41

Health: -6/61      AC:  3    Str:  8    XL:     11   Next: 52%
Magic:  10/26      EV: 13    Int: 28    God:    Gozag
Gold:   940        SH:  0    Dex:  8    Spells: 14/32 levels left

rFire   + + .      SeeInvis +    F - +0 sling "Arcanum" {drain, rElec rF+ rC++ Str-2}
rCold   + + +      Faith    .    (no shield)
rNeg    . . .      Spirit   .    C - +2 hat {Int+3}
rPois   .          Reflect  .    (no amulet)
rElec   +          Rampage  .    p - ring of resist corrosion
rCorr   +                        t - ring of protection from fire
Will    +....                    G - ring "Hudghuvus" {rC+ Str+2 Int+3 SInv Stlth+}
Stlth   ++++                     H - ring "Wocihou" {rF+ Will+ rCorr Dex-4}
HPRegen 0.30/turn                I - ring "Weloxzae" {Ice Slay+2}
MPRegen 0.20/turn                D - ring of flight
                                 (no ring)
                                 (no ring)

@: flying
A: almost no armour, amphibious, 8 rings, camouflage 1, gelatinous body 1,
(nimble swimmer 1), tentacles
a: Renounce Religion, Potion Petition, Call Merchant, Bribe Branch


You were in a bailey.
You worshipped Gozag.
Gozag was pleased with you.
You visited 2 branches of the dungeon, and saw 11 of its levels.
You also visited: Bailey.

You collected 1300 gold pieces.
You spent 237 gold pieces at shops.
You paid 123 gold pieces to Gozag.

Inventory:

Hand Weapons
 F - the +0 sling "Arcanum" (weapon) {drain, rElec rF+ rC++ Str-2}
   (You took it off an orc on level 8 of the Dungeon)

   Str:       It affects your strength (-2).
   rF:        It protects you from fire.
   rC:        It greatly protects you from cold.
   rElec:     It insulates you from electricity.
Missiles
 E - a throwing net
Armour
 B - a +1 hat
 C - a +2 hat of intelligence (worn)
Jewellery
 p - a ring of resist corrosion (left tentacle)
 t - a ring of protection from fire (right tentacle)
 D - a ring of flight (on tentacle)
 G - the ring "Hudghuvus" (on tentacle) {rC+ Str+2 Int+3 SInv Stlth+}
   (You took it off a kobold demonologist on level 8 of the Dungeon)

   [ring of see invisible]

   Str:       It affects your strength (+2).
   Int:       It affects your intelligence (+3).
   rC:        It protects you from cold.
   SInv:      It lets you see invisible.
   Stlth:     It makes you more stealthy.
 H - the ring "Wocihou" (on tentacle) {rF+ Will+ rCorr Dex-4}
   (You found it on level 8 of the Dungeon)

   [ring of protection from fire]

   Dex:       It affects your dexterity (-4).
   rF:        It protects you from fire.
   rCorr:     It protects you from acid and corrosion.
   Will:      It increases your willpower.
 I - the ring "Weloxzae" (on tentacle) {Ice Slay+2}
   (You found it on level 8 of the Dungeon)

   [ring of ice]

   It enhances your ice magic.
   Slay:      It affects your accuracy & damage with ranged weapons and melee
   (+2).
   rF:        It makes you vulnerable to fire.
   rC:        It protects you from cold.
Wands
 s - a wand of acid (14)
Scrolls
 c - 3 scrolls of silence {unknown}
 e - 7 scrolls of poison {unknown}
 f - 2 scrolls of magic mapping
 g - 4 scrolls of teleportation {unknown}
 h - 2 scrolls of noise {unknown}
 i - 5 scrolls of blinking {unknown}
 k - a scroll of amnesia {unknown}
 l - 6 scrolls of enchant armour {unknown}
 n - a scroll of butterflies {unknown}
 o - 5 scrolls of fear {unknown}
 q - 2 scrolls of enchant weapon {unknown}
 r - a scroll of brand weapon {unknown}
 y - 2 scrolls of fog {unknown}
 z - a scroll of immolation
Potions
 a - 2 potions of magic
 b - 3 potions of curing
 d - 3 potions of flight
 j - a potion of lignification
 m - 3 potions of ambrosia
 u - a potion of heal wounds
 w - 2 potions of berserk rage
 x - 4 potions of might
 A - 3 potions of cancellation
 J - 3 potions of invisibility


   Skills:
 - Level 2.0 Dodging
 - Level 2.6 Stealth
 + Level 11.2 Spellcasting
 - Level 4.0 Hexes
 + Level 12.4 Summonings
 - Level 4.0 Air Magic


You had 14 spell levels left.
You knew the following spells:

 Your Spells              Type           Power      Damage    Failure   Level
a - Summon Small Mammal   Summ           100%       N/A       1%          1
b - Call Imp              Summ           100%       N/A       1%          2
c - Call Canine Familiar  Summ           71%        N/A       1%          3
d - Summon Guardian Gole  Hex/Summ       58%        N/A       1%          3
e - Summon Lightning Spi  Summ/Air       58%        N/A       1%          4
h - Summon Mana Viper     Hex/Summ       58%        N/A       3%          5

Your spell library contained the following spells:

 Spells                   Type           Power      Damage    Failure   Level
 Tukima's Dance           Hex            38%        N/A       1%          3
 Ensorcelled Hibernation  Hex/Ice        80%        N/A       2%          2
 Poisonous Vapours        Pois/Air       52%        N/A       2%          2
 Sting                    Tmut/Pois      60%        1d6       3%          1
 Cigotuvi's Dreadful Rot  Necr/Pois/Air  46%        N/A       3%          2
 Inner Flame              Hex/Fire       26%        N/A       4%          3
 Portal Projectile        Hex/Tloc       52%        N/A       4%          3
 Lesser Beckoning         Tloc           30%        N/A       5%          2
 Gell's Gravitas          Tloc           15%        N/A       11%         3
 Ignite Poison            Fire/Tmut/Pois 15%        N/A       11%         3
 Teleport Other           Tloc           15%        N/A       11%         3
 Olgreb's Toxic Radiance  Pois           15%        N/A       34%         4
 Passage of Golubria      Tloc           15%        N/A       34%         4
 Yara's Violent Unravell  Hex/Tmut       13%        3d7       41%         5
 Freezing Cloud           Conj/Ice/Air   17%        6-21      50%         5
 Spellforged Servitor     Conj/Summ      25%        N/A       93%         7
 Dispersal                Tloc           7%         N/A       99%         6
 Orb of Destruction       Conj           7%         9d6       100%        7
 Discord                  Hex            19%        N/A       100%        8
 Ignition                 Fire           7%         3d5       100%        8


Dungeon Overview and Level Annotations

Branches:
Dungeon (10/15)            Temple (1/1) D:6            Lair (0/5) D:10
    Orc (0/2) D:10         Bailey (1/1)

Altars:
Ashenzari
Cheibriados
Dithmenos
Elyvilon
Fedhas
Gozag
Hepliaklqana
Kikubaaqudgha
Makhleb
Nemelex Xobeh
Okawaru
Qazlal
Ru
Sif Muna
Trog
Uskayaw
Vehumet
Wu Jian
Xom
Yredelemnul
Zin
The Shining One

Shops:
D:1 ?(   D:3 [(*(   D:6 *   D:7 **


Innate Abilities, Weirdness & Mutations

You cannot wear most types of armour.
You are amphibious.
You can wear up to eight rings at the same time.
Your skin changes colour to match your surroundings (Stealth+).
Your rubbery body absorbs attacks. (AC +1, EV +1)
((You are camouflaged when in or above water. (Stealth+)))
You have tentacles for arms and can constrict up to eight enemies at once.


Message History

The bolt of electricity hits your cerulean imp.
Your cerulean imp resists.
The bolt of electricity hits the orc warlord.
The bolt of electricity hits your guardian golem.
Your guardian golem resists.
Flame seeps out of your guardian golem.
Your guardian golem disappears in a puff of smoke!
Your guardian golem explodes!
The fiery explosion engulfs the orc warlord!!
The fiery explosion engulfs your warg!!
Casting: Summon Small Mammal (safe; 1% risk of failure)
Confirm with . or Enter, or press ? or * to list all spells.
A guardian golem appears, shielding your allies.
Your warg is engulfed in blazing flames.
Your warg barely misses the orc warlord.
Your cerulean imp hits the orc warlord with a +1 spear.
Your warg is engulfed in blazing flames.
Your warg dies!
Your warg's corpse disappears in a puff of smoke!
Your cerulean imp hits the orc warlord but does no damage.
Okay, then.
Okay, then.
Casting: Summon Guardian Golem (safe; 1% risk of failure)
Confirm with . or Enter, or press ? or * to list all spells.
Your warg bites the orc warlord but does no damage.
The orc warlord hits you with a +5 broad axe!!
The orc warlord hits your warg with a +5 broad axe!!
The orc warlord hits your guardian golem with a +5 broad axe!
Your cerulean imp hits the orc warlord from afar with a +1 spear.
Your warg bites the orc warlord.
The orc warlord hits you with a +5 broad axe!!
The orc warlord hits your guardian golem with a +5 broad axe!!
The orc warlord hits your warg with a +5 broad axe!
Your cerulean imp barely misses the orc warlord.
Your guardian golem overheats!
Your warg bites the orc warlord!
The orc warlord hits you with a +5 broad axe!!
Ouch! That really hurt!
You die...
Your body crumbles into a pile of gold.

##.....##.......##...
##.......##~~~~~##...8
##..8..8...#~~~~~#.....
#....).....#~~~~~#.....
#.......)..'...(.'...(8
#...8......#########...
##......#### ~~ ~~##..
##..o..#~~#~.. ..:~#..
##9h@.#~........?~#..
#.5.##~8.8...8.8##..
#..g§§~........g#...
#...'~§....∩....#...
#...'~~.........#...
#8..##~8.8...8.8##..
##..(.#~........!~#..
##..)..#o~#~.. ..)~#..
##......#### ~~ ~~##..


You could see an orc warlord (ally target), a goblin, a friendly guardian golem
(summoned, inner flame), a friendly warg (summoned, sheltered), a friendly
lightning spire (summoned, sheltered) and a friendly cerulean imp (summoned,
sheltered).

Vanquished Creatures
  A vampire bat (D:5)
  A hound (D:5)
  An iguana (D:6)
  An orc wizard (D:9)
  A shadow imp (D:5)
  5 bats (D:5)
  An ufetubus (D:7)
  2 fire bats (D:5)
  2 orcs
  A spectral bat (D:5)
  2 ball pythons
  An endoplasm (D:2)
  2 giant cockroaches
  2 goblins
  A hobgoblin (D:1)
  A jackal (D:1)
  A kobold (Bailey)
  A quokka (D:1)
  4 rats
31 creatures vanquished.

Vanquished Creatures (collateral kills)
  A cyclops (D:8)
  A kobold demonologist (D:8)
  A troll (D:9)
  A wraith (D:8)
  2 wyverns
  3 yaks (D:10)
  A basilisk (D:10)
  2 water moccasins (D:7)
  2 ice beasts (D:7)
  3 orc warriors (Bailey)
  A wolf (D:8)
  2 ogres
  A centaur (D:9)
  A kobold brigand (D:9)
  3 bullfrogs (D:8)
  2 scorpions
  4 wights (D:8)
  4 orc priests
  4 hounds
  A jelly (D:7)
  An iguana (D:5)
  3 sleepcaps (D:7)
  4 orc wizards
  13 gnolls
  12 adders
  5 white imps
  An ufetubus (D:4)
  A worm (D:4)
  A fire bat (D:5)
  25 orcs
  A spectral bat (D:5)
  5 ball pythons
  7 bats
  3 bat skeletons (D:5)
  A bat zombie (D:5)
  10 endoplasms
  4 giant cockroaches
  9 goblins
  4 hobgoblins
  10 jackals
  22 kobolds
  2 quokkas
  A bat simulacrum (D:5)
  A frilled lizard (D:3)
  2 rats
188 creatures vanquished.

Vanquished Creatures (others)
  Gastronok (D:8)
  A hydra (D:8)
  A boulder beetle (D:8)
  A centaur warrior (D:8)
  Maggie (D:8)
  A shadow (D:8)
  2 wyverns (D:10)
  2 basilisks (D:10)
  Grum (D:8)
  4 water moccasins
  2 orc warriors
  An ogre (D:6)
  2 centaurs
  2 wolves (D:8)
  A kobold brigand (D:10)
  3 wights (D:9)
  A hound (D:6)
  2 gnoll boudas
  An orc wizard (D:9)
  3 gnolls
  An adder (D:6)
  2 white imps
  An orc (D:9)
  An endoplasm (D:4)
  2 goblins (D:10)
  3 fungi (D:10)
  8 plants (D:10)
51 creatures vanquished.

Grand Total: 270 creatures vanquished

Notes
Turn   | Place    | Note
-------+----------+-------------------------------------------
     0 | D:1      | cforsyth the Octopode Summoner began the quest for the Orb.
     0 | D:1      | Reached XP level 1. HP: 11/11 MP: 3/3
   170 | D:1      | Reached XP level 2. HP: 17/17 MP: 5/5
   183 | D:1      | Learned a level 2 spell: Call Imp
   427 | D:1      | Found Biriefie's Magic Scroll Shop.
   739 | D:1      | Found Qeol's Antique Weapon Shop.
   813 | D:1      | Reached XP level 3. HP: 21/21 MP: 1/6
  1461 | D:2      | Reached XP level 4. HP: 27/27 MP: 8/8
  1517 | D:2      | Learned a level 3 spell: Call Canine Familiar
  1903 | D:2      | Reached skill level 5 in Summonings
  2182 | D:3      | Reached XP level 5. HP: 31/31 MP: 4/10
  2210 | D:3      | Learned a level 3 spell: Summon Guardian Golem
  2362 | D:3      | Found Doechih's Weapon Shop.
  2603 | D:3      | Found Hiurozu's Weapon Emporium.
  2828 | D:3      | Found Faystrib's Assorted Antiques.
  2837 | D:3      | Bought a scroll labelled NAKKUTAATS for 27 gold pieces
  2837 | D:3      | Bought a viscous golden potion for 24 gold pieces
  2837 | D:3      | Bought a red potion for 24 gold pieces
  2837 | D:3      | Bought a scroll labelled NUMUWIGAEC for 27 gold pieces
  2837 | D:3      | Bought a scroll labelled OSIAZO ZUOFARE for 27 gold pieces
  2860 | D:3      | Found Dihoruz's Armour Boutique.
  3097 | D:3      | Found an iron altar of Okawaru.
  3521 | D:4      | Noticed a water moccasin
  3539 | D:4      | Killed a water moccasin
  3540 | D:4      | Reached skill level 6 in Summonings
  3540 | D:4      | Reached XP level 6. HP: 36/36 MP: 3/12
  4027 | D:4      | Learned a level 4 spell: Summon Lightning Spire
  4232 | D:4      | Reached skill level 1 in Air Magic
  4232 | D:4      | Reached XP level 7. HP: 41/41 MP: 10/14
  4244 | D:4      | Reached skill level 5 in Spellcasting
  4354 | D:4      | Identified the +0 pair of boots "Udikk" {Contam rN++ Int+3}
  4538 | D:5      | Entered Level 5 of the Dungeon
  5592 | D:5      | Reached skill level 7 in Summonings
  5592 | D:5      | Reached XP level 8. HP: 27/46 MP: 3/16
  5915 | D:6      | Found a staircase to the Ecumenical Temple.
  6182 | D:6      | Found Wuexyosch's General Store.
  6621 | Temple   | Entered the Ecumenical Temple
  6999 | D:6      | Found an ornate altar of the Wu Jian Council.
  7208 | D:3      | Bought a scroll labelled YNTOTT BUGI for 27 gold pieces
  7208 | D:3      | Bought 2 scrolls labelled AQOCUL WAMNA for 54 gold pieces
  7208 | D:3      | Bought a scroll labelled VENTIC WOGRA for 27 gold pieces
  7512 | D:7      | Found a sparkling altar of Nemelex Xobeh.
  7514 | D:7      | Found a shimmering blue altar of Sif Muna.
  7667 | D:7      | Reached skill level 8 in Summonings
  7757 | D:7      | Reached XP level 9. HP: 51/51 MP: 17/19
  7821 | D:7      | Found an opulent altar of Gozag.
  7824 | D:7      | Found Gozag's Platinum Reserve.
  7835 | D:7      | Became a worshipper of Gozag Ym Sagoz the Greedy
  8123 | D:7      | Found a hazy altar of Hepliaklqana.
  8134 | D:7      | Found Taedon's Mass Market.
  8913 | D:8      | Reached skill level 9 in Summonings
  9016 | D:8      | Noticed a centaur warrior
  9016 | D:8      | Noticed a boulder beetle
  9114 | D:8      | Got the Vellum of Malediction
  9133 | D:8      | Noticed Grum
  9142 | D:8      | Killed Grum
  9143 | D:8      | Reached skill level 1 in Hexes
  9265 | D:8      | Noticed Maggie
  9287 | D:8      | Killed Maggie
  9595 | D:8      | Found a burning altar of Makhleb.
  9596 | D:8      | Found a white marble altar of Elyvilon.
  9596 | D:8      | Found a glowing silver altar of Zin.
  9605 | D:8      | Found a glowing golden altar of the Shining One.
  9811 | D:8      | Identified the +0 sling "Arcanum" {drain, rElec rF+ rC++
                  | Str-2}
  9846 | D:8      | Noticed a cyclops
  9846 | D:8      | Noticed a cyclops
  9869 | D:8      | Noticed Gastronok
  9886 | D:8      | Killed Gastronok
  9887 | D:8      | Reached skill level 10 in Summonings
  9887 | D:8      | Reached XP level 10. HP: 46/56 MP: 3/22
  9894 | D:8      | Learned a level 5 spell: Summon Mana Viper
 10283 | D:8      | Killed a boulder beetle
 10296 | D:8      | Killed a centaur warrior
 10333 | D:8      | Reached skill level 11 in Summonings
 10346 | D:8      | Noticed a gargoyle
 10771 | D:8      | Identified the ring "Hudghuvus" {rC+ Str+2 Int+3 SInv
                  | Stlth+}
 10771 | D:8      | Noticed a kobold demonologist
 10773 | D:8      | Noticed a cyclops
 10783 | D:8      | Killed a cyclops
 10784 | D:8      | Reached skill level 10 in Spellcasting
 10784 | D:8      | Killed a kobold demonologist
 10834 | D:8      | Noticed a six-headed hydra
 10845 | D:8      | Killed a six-headed hydra
 10846 | D:8      | Reached XP level 11. HP: 61/61 MP: 15/25
 11109 | D:8      | Identified the staff of earth "Sist" {Int+2 Dex+4 SInv}
 11114 | D:8      | Identified the ring "Wocihou" {rF+ Will+ rCorr Dex-4}
 11118 | D:8      | Identified the ring "Weloxzae" {Ice Slay+2}
 11787 | D:9      | Found a broken altar of Ashenzari.
 12374 | D:10     | Entered Level 10 of the Dungeon
 12402 | D:10     | Found a staircase to the Lair.
 12423 | D:10     | Reached skill level 12 in Summonings
 12511 | D:10     | Found a flagged portal.
 12527 | Bailey   | Entered a bailey
 12619 | Bailey   | Noticed an orc warlord
 12744 | Bailey   | Found a runed translucent gate.
 12746 | Bailey   | Found a runed translucent gate.
 12750 | Bailey   | Found a runed translucent gate.
 12872 | Bailey   | Mangled by an orc warlord

Illustrated notes

Levels and vault maps discovered:
D:1:      arrival_zaba_pyramid, layout_basic, serial_shops, shop_fountains,
          nicolae_shop_hallway_plus
D:2:      layout_rooms
D:3:      layout_loops_ring, mainiacjoe_overflow_alcove_2, serial_shops, shop,
          shop, shop, shop
D:4:      layout_loops_cross, hangedman_abyss_or_decor_lesser_grid
D:5:      layout_gridville, goddamned_bats
D:6:      layout_basic, nicolae_wu_jian_wuxing_cycle,
          minmay_temple_entry_large_hall, nicolae_inconvenience_store
D:7:      layout_loops_corners, nicolae_gozag_zags_fifth_avenue,
          mainiacjoe_overflow_concentric_impassable,
          nicolae_overflow_hidden_temple, minmay_shop_mass, minmay_checkerbox
D:8:      minmay_the_grid_triangle_9x9_rhombus_thin
          [minmay_the_grid_triangle_9x9_odd_lines,
          minmay_the_grid_triangle_9x9_prize_schism,
          minmay_the_grid_triangle_9x9_swiss_cheese,
          minmay_the_grid_triangle_9x9_descending_squares], layout_gridville,
          grunt_temple_overflow_cloverleaf, corexii_hall_statues_i,
          lightli_corner_chamber, uniq_gastronok, uniq_maggie, uniq_grum
D:9:      layout_loops_ring, mainiacjoe_overflow_24_doors, minivault_5
D:10:     layout_basic, minmay_lair_entry_grove, david_orc_5, enter_bailey_5,
          kennysheep_doodads, minivault_16
Temple:   chequers_temple_sunken
Bailey:   bailey_axe_bossmonster_kennysheep, bailey

Skill      XL: |  1  2  3  4  5  6  7  8  9 10 11 |
---------------+----------------------------------+-----
Spellcasting   | 3 4 5 6 8 10 11 | 11.2
Summonings     | 5 6 7 8 10 11 12 | 12.4
Air Magic      | 1 2 4 |  4.0
Hexes          | 4 |  4.0
Dodging        | |  2.0
Stealth        | |  2.6

Action                     |  1- 3 |  4- 6 |  7- 9 | 10-12 || total
---------------------------+-------+-------+-------+-------++-------
  Melee: Unarmed           |    41 |    26 |    45 |       ||   112
         Constrict         |    13 |     6 |    17 |       ||    36
         Tentacles         |     7 |     4 |    16 |       ||    27
         Punch             |     1 |       |     2 |       ||     3
   Fire: Sling             |       |       |       |    13 ||    13
   Cast: Summon Small Mamm |    33 |    35 |    33 |     6 ||   107
         Call Imp          |    14 |    12 |    27 |     4 ||    57
         Call Canine Famil |       |    21 |    46 |    19 ||    86
         Summon Guardian G |       |     4 |    19 |    24 ||    47
         Summon Lightning  |       |       |     8 |    18 ||    26
         Summon Mana Viper |       |       |       |     4 ||     4
    Use: Potion            |       |       |     2 |       ||     2
         Scroll            |       |       |       |    11 ||    11
   Stab: Sleeping          |     4 |     3 |     1 |       ||     8
 Armour: Skin              |     6 |     8 |    24 |     2 ||    40
  Dodge: Dodged            |    38 |    25 |    86 |    25 ||   174

Table legend: (Time is in decaauts)
 A = Elapsed time spent in this place.
 B = Non-inter-level travel time spent in this place.
 C = Inter-level travel time spent in this place.
 D = Time resting spent in this place.
 E = Time spent auto-exploring this place.
 F = Levels seen in this place.
 G = Mean time per level.
                   A        B        C        D        E       F      G
               +--------+--------+--------+--------+--------+-----+--------+
         Total |  12889 |  12491 |    398 |   1279 |   8508 |  12 | 1074.1 |
       Dungeon |  12332 |  11947 |    385 |   1216 |   8295 |  10 | 1233.2 |
        Temple |    209 |    196 |     13 |      0 |    172 |   1 |  209.0 |
        Bailey |    346 |    346 |      0 |     63 |     41 |   1 |  346.0 |
               +--------+--------+--------+--------+--------+-----+--------+

Top non-repeatable levels by time:
     D:8: 2129 daAuts
     D:7: 1823 daAuts
     D:4: 1393 daAuts
     D:5: 1316 daAuts
     D:1: 1275 daAuts
     D:3: 1198 daAuts
     D:9: 1150 daAuts
     D:6: 1125 daAuts
     D:2: 764 daAuts
  Bailey: 346 daAuts
  Temple: 209 daAuts
    D:10: 153 daAuts
